 Dungeon Crawl Stone Soup version 0.23.1 (webtiles) character file.

Game seed: 14808074707523147904

143 FunkyPutin the Skirmisher (level 5, 0/55 HPs)
             Began as an Ogre Fighter on Mar 6, 2019.
             Killed by nerve-wracking pain
             ... invoked by an orc priest
              (4 damage)
             ... on level 3 of the Dungeon.
             The game lasted 00:07:42 (2165 turns).

FunkyPutin the Skirmisher (Ogre Fighter)            Turns: 2165, Time: 00:07:43

Health: 0/55       AC:  3    Str: 21    XL:     5   Next: 25%
Magic:  5/5        EV:  8    Int:  9    God:
Gold:   61         SH: 13    Dex:  8    Spells: 4/4 levels left

rFire    . . .     SeeInvis .   a - +0 war axe
rCold    . . .     Gourm    .   c - +0 shield
rNeg     . . .     Faith    .   b - +0 robe
rPois    .         Spirit   .   (helmet restricted)
rElec    .         Reflect  +   (no cloak)
rCorr    .         Harm     .   (gloves unavailable)
MR       .....                  (boots unavailable)
Stlth    +.........             l - +5 amulet of reflection
HPRegen  0.18/turn              (no ring)
MPRegen  0.09/turn              (no ring)

@: no status effects
A: large, unfitting armour, tough skin 1
a: no special abilities


You were on level 3 of the Dungeon.
You were very hungry.

You visited 1 branch of the dungeon, and saw 3 of its levels.

You collected 61 gold pieces.

Inventory:

Hand Weapons
 a - a +0 war axe (weapon)
 j - a +0 dagger of venom
Armour
 b - a +0 robe (worn)
 c - a +0 shield (worn)
Jewellery
 l - a +5 amulet of reflection (around neck)
Scrolls
 m - a scroll of identify {unknown}
 n - a scroll of teleportation
Potions
 d - 2 potions of might
 e - a potion of cancellation {unknown}
 g - a potion of lignification {unknown}
 h - 2 potions of curing {unknown}
 i - a potion of haste {unknown}
 k - a potion of agility {unknown}
 p - a potion of invisibility {unknown}
 q - a potion of magic {unknown}
Comestibles
 f - 5 rations


   Skills:
 + Level 4.6 Fighting
 * Level 4.3 Axes
 + Level 2.9 Dodging
 + Level 3.2 Shields


You had 4 spell levels left.
You didn't know any spells.
Your spell library was empty.

Dungeon Overview and Level Annotations

Branches:
Dungeon (3/15)

Altars:

Annotations:
D:3 2 transporters


Innate Abilities, Weirdness & Mutations

You are too large for most types of armour.
You have tough skin. (AC +1)


Message History

You closely miss the orc priest.
The orc priest is moderately wounded.
You block the orc priest's attack. x2
Your shield prevents you from hitting the orc priest.
The orc priest is moderately wounded.
You block the orc priest's attack.
You hit the orc priest.
The orc priest is heavily wounded.
The orc priest calls down the wrath of Beogh upon you.
Beogh smites you!
* * * LOW HITPOINT WARNING * * *
Your magical contamination has completely faded away.
You closely miss the orc priest.
The orc priest is heavily wounded.
You block the orc priest's attack.
You closely miss the orc priest.
The orc priest is heavily wounded.
The orc priest invokes the aid of Beogh against you.
Pain shoots through your body!
You die...

##### **#********
#...#***#..,,,,,,,,
#...#*,....,,,,,***
#...##..#,,,,,,,,**
#...†...###*****,,,
#.@.)......,,,,,,**
#.o)##.####*****,,,
*#...#,.#***********
#.....,,.,,,>,,,,,,,
#......**#**********
#.......,,,,,,,,*
######...,,,,,,,*
*##..,,,,,,*
*,,,,,,,,**


You could see an orc priest.

Vanquished Creatures
  A bullfrog zombie (D:3)
  4 adders
  An ooze (D:1)
  2 worms
  A dart slug (D:1)
  A leopard gecko (D:1)
  2 orcs (D:3)
  4 bats
  A giant cockroach (D:1)
  7 goblins
  7 hobgoblins
  12 jackals
  4 kobolds
  2 ball pythons (D:1)
  4 frilled lizards
  4 rats
57 creatures vanquished.

Notes
Turn   | Place    | Note
-------+----------+-------------------------------------------
     0 | D:1      | FunkyPutin the Ogre Fighter began the quest for the Orb.
     0 | D:1      | Reached XP level 1. HP: 24/24 MP: 1/1
    97 | D:1      | Reached XP level 2. HP: 30/32 MP: 2/2
   419 | D:1      | Reached XP level 3. HP: 39/40 MP: 3/3
  1066 | D:2      | Reached XP level 4. HP: 16/49 MP: 4/4
  2097 | D:3      | Found a transporter.
  2098 | D:3      | Found a transporter.
  2145 | D:3      | Reached XP level 5. HP: 44/55 MP: 5/5
  2165 | D:3      | Killed from afar by an orc priest

Skill      XL: |  1  2  3  4 |
---------------+-------------+-----
Shields        | 3 |  3.2
Axes           | 3 4 |  4.3
Fighting       | |  4.6
Dodging        | |  2.9

Action                   |  1- 3 |  4- 6 || total
-------------------------+-------+-------++-------
Melee: War axe           |   101 |    69 ||   170
  Use: Scroll            |       |     5 ||     5
  Eat: Chunk             |     1 |     2 ||     3
Armor: Robe              |    31 |    12 ||    43
Dodge: Dodged            |    51 |    18 ||    69
Block: Shield            |    59 |    55 ||   114
